 Dungeon Crawl Stone Soup version 0.21-a0-471-gd587bd5 (webtiles) character file.

280 theanonym the Cleaver (level 6, -1/51 HPs)
             Began as a Hill Orc Fighter on Nov 21, 2017.
             Splashed by a jelly's acid (8 damage)
             ... on level 4 of the Dungeon.
             The game lasted 00:03:22 (3044 turns).

theanonym the Cleaver (Hill Orc Fighter)            Turns: 3044, Time: 00:03:23

Health: -1/51      AC:  2    Str: 26    XL:     6   Next: 27%
Magic:  6/6        EV:  7    Int:  8    God:
Gold:   184        SH:  9    Dex: 10    Spells: 5/5 levels left

rFire    . . .     SeeInvis .   a - +0 war axe
rCold    . . .     Gourm    .   c - +0 shield
rNeg     . . .     Faith    .   b - +0 scale mail
rPois    .         Spirit   .   (no helmet)
rElec    .         Reflect  .   (no cloak)
rCorr    .         Harm     .   (no gloves)
MR       .....                  (no boots)
Stlth    ..........             (no amulet)
HPRegen  0.17/turn              (no ring)
MPRegen  0.10/turn              (no ring)

@: mighty, corroded
A: no striking features
a: no special abilities


   Skills:
 - Level 3.6 Fighting
 + Level 8.5 Axes
 - Level 3.2 Armour
 - Level 3.2 Shields


You had 5 spell levels left.
You didn't know any spells.

Skill      XL: |  1  2  3  4  5 |
---------------+----------------+-----
Axes           | 3 4 5 7 8 |  8.5
Fighting       | |  3.6
Armour         | |  3.2
Shields        | |  3.2

Action                   |  1- 3 |  4- 6 || total
-------------------------+-------+-------++-------
Melee: War axe           |   102 |   150 ||   252
  Use: Potion            |       |     1 ||     1
  Eat: Chunk             |       |     7 ||     7
Armor: Scale mail        |    65 |    64 ||   129
Dodge: Dodged            |    40 |    46 ||    86
Block: Shield            |    55 |    78 ||   133

Inventory:

Hand Weapons
 a - a +0 war axe (weapon)
Missiles
 g - 6 javelins (quivered)
 u - 2 tomahawks
Armour
 b - a +0 scale mail (worn)
 c - a +0 shield (worn)
Jewellery
 q - a +2 ring of dexterity {unknown}
   (You found it on level 3 of the Dungeon)
 s - an uncursed amulet of regeneration {unknown}
   (You took it off a hobgoblin on level 3 of the Dungeon)
Scrolls
 e - 5 scrolls of remove curse {unknown}
 i - 5 scrolls of identify {unknown}
 j - 3 scrolls of fear {unknown}
 o - a scroll of noise {unknown}
Potions
 h - 2 potions of heal wounds {unknown}
 k - 3 potions of curing {unknown}
 m - 2 potions of flight {unknown}
 r - a potion of lignification {unknown}
Books
 t - a book of Minor Magic
   (You found it on level 3 of the Dungeon)

   Spells                             Type                      Level
   a - Magic Dart                     Conjuration                  1
   b - Blink                          Translocation                2
   c - Call Imp                       Summoning                    2
   d - Slow                           Hexes                        2
   e - Conjure Flame                  Conjuration/Fire             3
   f - Mephitic Cloud                 Conjuration/Poison/Air       3
Comestibles
 f - 2 bread rations
 l - a meat ration
 n - a royal jelly
 p - 6 chunks of flesh

Dungeon Overview and Level Annotations

Branches:
Dungeon (4/15)
 Temple: D:4-7

Altars:
Nemelex Xobeh


You were on level 4 of the Dungeon.
You were not hungry.

You visited 1 branch of the dungeon, and saw 4 of its levels.

You collected 184 gold pieces.


Message History

The orc hits you but does no damage. You block the orc's attack.
Your shield prevents you from hitting the orc.
You hit the orc but do no damage. The orc hits you but does no damage. x3
You slash the orc!
You kill the orc!
You hit the orc but do no damage. The orc hits you but does no damage.
An orc is nearby!
An orc is nearby!
An orc is nearby!
An orc is nearby!
You hit the orc.
You kill the orc!
Things that are here:
a morningstar; an orc corpse No target in view!
No target in view!
You butcher the orc corpse.
p - 6 chunks of flesh (gained 3)
You see here a morningstar. x2
Things that are here:
a flail; a chain mail
Items here: )) [ † a dagger; a flail; a chain mail; an orc corpse You butcher the orc corpse.
p - 9 chunks of flesh (gained 3)
Items here: )) [ ÷ a dagger; a flail; a chain mail; an orc skeleton
Items here: )) [ ÷ a dagger; a flail; a chain mail; an orc skeleton
e - 4 scrolls labeled DAVALE XUISSUS (gained 3)
Things that are here:
a flail; a chain mail You see here a morningstar.
u - 2 tomahawks Key pressed, stopping explore.
i - 5 scrolls labeled MAMUODGH ENKA (gained 1)
You see here a morningstar.
Things that are here:
a flail; a chain mail
Found a robe.
Some of the chunks of flesh in your inventory have rotted away.
There is an open door here.
You enter the shallow water.
Moving in this stuff is going to be slow.
There is an open door here.
Key pressed, stopping explore.
There is an open door here.
You enter the shallow water.
Moving in this stuff is going to be slow.
Done exploring.
Done exploring.
Done exploring.
Done exploring.
Unknown command.
There is an open door here.
There is a stone staircase leading down here.
You climb downwards.
Found a stone staircase leading up.
There is a stone staircase leading up here.
Found a stone staircase leading down.
There is a stone staircase leading down here.
e - 5 scrolls labeled DAVALE XUISSUS (gained 1)
You now have 184 gold pieces (gained 11).
Some of the chunks of flesh in your inventory have rotted away.
A jelly comes into view.
The jelly quivers.
A jelly is nearby!
The jelly hits you. The acid corrodes you!
You are splashed with acid!
The acid burns!
You take 8 damage, and have 43/51 hp.
You hit the jelly but do no damage.
Your hands burn!
The jelly hits you.
You are splashed with acid!
The acid burns!
You take 14 damage, and have 29/51 hp.
MASSIVE DAMAGE!!
You are too injured to fight recklessly!
You are too injured to fight recklessly!
You are too injured to fight recklessly!
You are too injured to fight recklessly!
You slash the jelly!
Your hands burn!
* * * LOW HITPOINT WARNING * * *
The jelly hits you.
* * * LOW HITPOINT WARNING * * *
You are splashed with acid!
The acid burns!
* * * LOW HITPOINT WARNING * * *
You take 9 damage, and have 20/51 hp.
You hit the jelly but do no damage.
Your hands burn!
* * * LOW HITPOINT WARNING * * *
You block the jelly's attack.
You take 1 damage, and have 19/51 hp.
You hit the jelly but do no damage.
Your hands burn!
* * * LOW HITPOINT WARNING * * *
You block the jelly's attack.
You take 5 damage, and have 14/51 hp.
You feel very mighty all of a sudden. You block the jelly's attack.
You hit the jelly.
Your hands burn!
* * * LOW HITPOINT WARNING * * *
The jelly hits you.
* * * LOW HITPOINT WARNING * * *
You are splashed with acid!
The acid burns!
You die...

...........#.........
...........#.........
.........#.#.........
...............##...
##.....#.#.#.#.#
###.#.#.#.#.#.###
###..............#
.....#.###.#...#.#
................@#
.>..##.###.#....J#
...###.# #.#.###.#
.......# #.#. ...
.......# #.## #.#
.......###.#####.#
###..............#
#............###
#.<..........#


You could see a jelly.

Notes
Turn   | Place    | Note
-------+----------+-------------------------------------------
     0 | D:1      | theanonym the Hill Orc Fighter began the quest for the Orb.
     0 | D:1      | Reached XP level 1. HP: 19/19 MP: 1/1
    42 | D:1      | Reached skill level 3 in Axes
    42 | D:1      | Reached XP level 2. HP: 24/26 MP: 2/2
    44 | D:1      | Reached skill level 4 in Axes
   173 | D:1      | Reached XP level 3. HP: 31/31 MP: 3/3
   335 | D:1      | Reached skill level 5 in Axes
   844 | D:2      | Reached XP level 4. HP: 31/39 MP: 4/4
  1039 | D:2      | Reached skill level 6 in Axes
  1192 | D:2      | HP: 19/39 [worker ant (3)]
  1199 | D:2      | HP: 18/39 [poisoned by a worker ant]
  1207 | D:2      | HP: 17/39 [poisoned by a worker ant]
  1761 | D:3      | HP: 18/39 [howler monkey (5)]
  1765 | D:3      | Reached skill level 7 in Axes
  1765 | D:3      | Reached XP level 5. HP: 15/45 MP: 5/5
  2396 | D:3      | Found a sparkling altar of Nemelex Xobeh.
  2451 | D:3      | Reached skill level 8 in Axes
  2451 | D:3      | Reached XP level 6. HP: 28/51 MP: 6/6
  3040 | D:4      | HP: 25/51 [acid (4)]
  3044 | D:4      | HP: 10/51 [acid (5)]
  3044 | D:4      | Splashed by a jelly's acid

Vanquished Creatures
  A howler monkey (D:3)
  An orc priest (D:3)
  A worker ant (D:2)
  4 gnolls
  5 adders
  A worm (D:3)
  4 dart slugs
  4 leopard geckos
  10 orcs (D:3)
  8 bats
  3 giant cockroaches
  9 goblins
  12 hobgoblins
  A quokka (D:3)
  2 ball pythons (D:3)
  5 frilled lizards
  10 kobolds
  6 rats
87 creatures vanquished.

Vanquished Creatures (others)
  A plant (D:3)
1 creature vanquished.

Grand Total: 88 creatures vanquished
